AoeStats
← ikaradayi976

Arena

510138579Analyzed
4v4 RM · 4d ago on Sep 29, 2026· 64m 32s· 8 players
Game mode
Random Map
Map size
Large (8 player)
Population
200
Speed
Normal
Resources
Standard
Victory
Conquest
Starting age
Dark Age
Ending age
Imperial Age
RankedLock teamsTeams togetherTeam positionsShared explorationLock speedFull tech treeHidden civsTurbo modeCheats
Victory
Defeat
🇹🇷 Khmer · Türkiye
1142
+14
🇩🇪 Bengalis · Germany
1140
+14
🇹🇼 Danes · Taiwan
1114
+15
🇮🇩 Celts · Indonesia
1061
+18
🇫🇷 Mongols · France
1116
-16
🇩🇪 Goths · Germany
1106
-16
🇲🇽 Malay · Mexico
1096
-15
🇪🇸 Romans · Spain
1075
-14
Eric212
0:28 Loom
11:04 Feudal Age
12:09 Double-Bit Axe
12:25 Horse Collar
20:38 Castle Age
18:54 Forging
18:45 Scale Mail Armor
19:57 Gold Mining
19:58 Stone Mining
21:37 Bow Saw
22:28 Heavy Plow
22:23 Pikeman
23:03 Squires
25:04 Wheelbarrow
26:45 Stone Shaft Mining
28:09 Hand Cart
39:08 Imperial Age
38:16 Town Watch
39:33 Halberdier
40:40 Conscription
40:20 Perfusion
41:17 Town Patrol
41:19 Anarchy
40:40 Elite Huskarl
42:35 Crop Rotation
44:00 Chemistry
43:11 Masonry
42:57 Murder Holes
43:23 Ballistics
46:02 Iron Casting
45:43 Chain Mail Armor
45:07 Elite Huskarl
45:18 Man-at-Arms
49:11 Long Swordsman
57:43 Two-Handed Swordsman
58:04 Champion
Romero
3:13 Loom
9:43 Feudal Age
15:22 Castle Age
13:56 Double-Bit Axe
14:39 Horse Collar
16:12 Bow Saw
21:18 Fletching
22:21 Padded Archer Armor
43:05 Wheelbarrow
44:21 Town Watch
46:14 Elite Skirmisher
50:27 Bodkin Arrow
51:28 Scale Barding Armor
51:33 Thumb Ring
52:01 Forging
52:12 Hand Cart
53:00 Bloodlines
53:28 Squires
54:22 Light Cavalry
55:32 Gold Mining
56:09 Stone Mining
57:20 Leather Archer Armor
60:11 Chain Barding Armor
fran135
11:14 Feudal Age
15:42 Castle Age
13:43 Double-Bit Axe
14:44 Horse Collar
15:24 Stone Mining
17:32 Bow Saw
23:32 Gold Mining
23:59 Heavy Plow
25:32 Wheelbarrow
24:43 Loom
24:47 Town Watch
25:00 Man-at-Arms
25:41 Squires
26:03 Long Swordsman
27:33 Hand Cart
27:56 Forging
27:48 Scale Mail Armor
27:39 Fletching
30:09 Ballistics
30:18 Ballistas
32:58 Imperial Age
30:31 Town Patrol
30:40 Bodkin Arrow
31:22 Iron Casting
32:15 Chain Mail Armor
33:05 Legionary
33:08 Heavy Scorpion
34:56 Chemistry
35:28 Comitatenses
35:31 Conscription
35:20 Siege Engineers
36:22 Blast Furnace
44:35 Capped Ram
45:19 Onager
45:28 Siege Ram
56:16 Crop Rotation
58:29 Caravan
alexisxsegura
11:45 Feudal Age
15:48 Castle Age
13:52 Double-Bit Axe
14:12 Horse Collar
16:12 Wheelbarrow
15:53 Bow Saw
17:14 Heavy Plow
25:41 Fletching
25:52 Padded Archer Armor
26:39 Bodkin Arrow
29:16 Hand Cart
31:37 Imperial Age
29:43 Ballistics
30:24 Coinage
31:16 Leather Archer Armor
30:27 Elite Skirmisher
31:12 Thumb Ring
32:34 Bracer
33:05 Ring Archer Armor
32:41 Scale Barding Armor
35:39 Chemistry
34:20 Treadmill Crane
37:13 Forging
38:48 Iron Casting
37:38 Pikeman
38:19 Squires
38:05 Arson
39:28 Halberdier
40:09 Squires
39:54 Arson
45:01 Blast Furnace
46:11 Conscription
47:11 Forced Levy
49:51 Capped Ram
53:24 Onager
57:05 Guard Tower
57:06 Heated Shot
57:27 Masonry
小佑
8:56 Feudal Age
9:24 Double-Bit Axe
9:20 Horse Collar
18:04 Castle Age
16:35 Gold Mining
16:54 Fletching
17:54 Wheelbarrow
17:05 Loom
17:34 Arson
18:45 Squires
18:31 Gambesons
20:30 Scale Mail Armor
22:40 Heavy Plow
24:38 Forging
25:43 Town Watch
27:00 Iron Casting
27:22 Bow Saw
28:42 Hand Cart
32:51 Imperial Age
32:00 Chain Mail Armor
33:36 Gold Shaft Mining
34:28 Conscription
35:09 Elite Varangian Guard
36:15 Onager
38:24 Chemistry
38:35 Siege Onager
41:58 Northmen's Fury
43:01 Siege Engineers
44:13 Blast Furnace
43:43 Plate Mail Armor
43:39 Ballistics
56:23 Caravan
56:54 Coinage
56:03 Pikeman
56:50 Halberdier
61:12 Banking
halilbugra
10:44 Feudal Age
17:50 Castle Age
18:02 Double-Bit Axe
18:02 Horse Collar
23:36 Loom
26:54 Heavy Plow
27:06 Bow Saw
26:37 Pikeman
28:09 Ballistics
33:58 Wheelbarrow
36:21 Imperial Age
36:28 Imperial Age
35:22 Scale Mail Armor
35:33 Forging
36:31 Heavy Scorpion
38:32 Chemistry
37:55 Capped Ram
40:24 Chemistry
40:09 Siege Ram
40:14 Halberdier
54:48 Chain Mail Armor
55:09 Iron Casting
55:36 Hand Cart
ikaradayi976
11:26 Feudal Age
14:28 Castle Age
12:43 Double-Bit Axe
13:13 Horse Collar
14:16 Gold Mining
20:00 Bow Saw
22:17 Heavy Plow
26:01 Wheelbarrow
26:20 Gold Shaft Mining
31:13 Imperial Age
30:38 Hand Cart
30:10 Loom
32:58 Crop Rotation
32:48 Fletching
34:04 Bodkin Arrow
34:11 Padded Archer Armor
34:46 Bracer
36:09 Scale Barding Armor
36:20 Leather Archer Armor
36:15 Forging
36:07 Husbandry
36:22 Bloodlines
37:26 Elite Ballista Elephant
39:38 Chain Barding Armor
39:50 Ring Archer Armor
40:54 Light Cavalry
42:26 Plate Barding Armor
42:27 Iron Casting
41:40 Capped Ram
44:45 Conscription
43:50 Siege Ram
44:19 Town Watch
45:38 Chemistry
44:59 Ballistics
44:46 Siege Engineers
46:12 Double Crossbow
48:29 Blast Furnace
46:52 Heavy Scorpion
47:40 Caravan
53:58 Hussar
58:54 Masonry
61:08 Hoardings
60:35 Murder Holes
61:11 Architecture
Dany Sahne
11:15 Feudal Age
15:40 Castle Age
13:57 Double-Bit Axe
16:44 Bow Saw
16:18 Horse Collar
20:38 Loom
21:34 Wheelbarrow
25:34 Heavy Plow
29:36 Imperial Age
27:21 Forging
27:17 Scale Barding Armor
27:28 Town Watch
30:06 Ballistics
30:53 Hand Cart
31:45 Padded Archer Armor
33:27 Chemistry
32:20 Fletching
32:46 Husbandry
34:42 Two-Man Saw
35:08 Bloodlines
35:00 Elite Battle Elephant
36:20 Iron Casting
36:32 Chain Barding Armor
38:02 Blast Furnace
38:06 Crop Rotation
38:01 Caravan
40:30 Plate Barding Armor
40:55 Conscription
40:44 Paiks
40:57 Paiks
40:40 Elite Elephant Archer
43:31 Bodkin Arrow
44:44 Siege Elephant
44:47 Elite Ratha (Ranged)
46:32 Scale Mail Armor
46:41 Town Patrol
47:46 Chain Mail Armor
48:08 Bracer
53:00 Elite Skirmisher
55:08 Light Cavalry
57:55 Crossbowman
59:02 Arbalester
62:20 Leather Archer Armor
62:06 Murder Holes
62:47 Coinage
Connection lost

Rejoining the realm…

Still unreachable

The connection could not be restored.

Session expired

The server has moved on; the page needs a fresh start.